[Event "Titled Tuesday Blitz March 07 Late 2023"]
[White "Vargas Pereda, Jesus Manue"]
[Black "Bernat, David"]
[WhiteFideId "5115710"]
[BlackFideId "2099225"]
[WhiteElo "1914"]
[BlackElo "2517"]
[Result "0-1"]
[Round "01"]
[TimeControl "180+2"]
[Date "2023.03.07"]
[WhiteClock "0:00:41"]
[BlackClock "0:01:17"]

1. Nf3 c5 2. c4 g6 3. Nc3 Bg7 4. d3 Nc6 5. g3 d6 6. Bg2 e5 7. O-O Nge7 8. a3 O-O 9. Rb1 a6 10. b4 h6 11. Bd2 Be6 12. Qc1 Kh7 13. bxc5 dxc5 14. Rxb7 Rb8 15. Rxb8 Qxb8 16. Na4 Qd6 17. Be3 Nd4 18. Qd2 Rb8 19. h3 Rb3 20. Bxd4 cxd4 21. c5 Qc7 22. Ra1 f5 23. Ne1 Nd5 24. Nc2 Nc3 25. Nxc3 Rxc3 26. Nb4 a5 27. Na2 Rxc5 28. Rb1 Rc2 29. Rc1 Rxd2 30. Rxc7 Rxa2 31. Kh2 Rxe2 0-1


[Site "https://www.chess.com"]

[Event "Titled Tuesday Blitz March 07 Late 2023"]
[White "Nilsen, Tobias Lang"]
[Black "tandercat"]
[WhiteFideId "1521624"]
[WhiteElo "2183"]
[BlackElo "1909"]
[Result "1-0"]
[Round "01"]
[TimeControl "180+2"]
[Date "2023.03.07"]
[WhiteClock "0:02:55"]
[BlackClock "0:02:02"]

1. e4 c5 2. Nf3 Nc6 3. d4 cxd4 4. Nxd4 e5 5. Nb5 d6 6. N1c3 a6 7. Na3 Be7 8. Nc4 Nf6 9. Bg5 Nxe4 10. Nxe4 Bxg5 11. Ncxd6+ Kf8 12. Qh5 g6 13. Qxg5 Qxg5 14. Nxg5 1-0


[Site "https://www.chess.com"]

[Event "Titled Tuesday Blitz March 07 Late 2023"]
[White "Burke, Paul"]
[Black "Mostbauer, Maximilian"]
[WhiteFideId "2605767"]
[BlackFideId "1626680"]
[WhiteElo "1903"]
[BlackElo "2179"]
[Result "0-1"]
[Round "01"]
[TimeControl "180+2"]
[Date "2023.03.07"]
[WhiteClock "0:00:08"]
[BlackClock "0:01:33"]

1. e4 e6 2. d4 d5 3. e5 c5 4. Qg4 h5 5. Qg3 cxd4 6. Nf3 Nc6 7. Bd3 Nge7 8. O-O g6 9. Bf4 Nf5 10. Bxf5 gxf5 11. a3 Bd7 12. c3 Qb6 13. b4 dxc3 14. Nxc3 h4 15. Qh3 Nd4 16. Nxd4 Qxd4 17. Qe3 Qxe3 18. Bxe3 Be7 19. Rfe1 Kf8 20. Rac1 Kg7 21. Ne2 Rhc8 22. Nf4 a6 23. Nh5+ Kg6 24. Nf4+ Kg7 25. Nh5+ Kh7 26. Nf4 Bb5 27. Nh3 Kg6 28. Nf4+ Kh7 29. Nh3 Bc4 30. Ng5+ Kg6 31. Nh3 a5 32. Nf4+ Kh7 33. Rb1 axb4 34. axb4 b5 35. Nh3 Ra4 36. Ng5+ Kg6 37. Nf3 Rxb4 38. Rxb4 Bxb4 39. h3 Bxe1 0-1


[Site "https://www.chess.com"]

[Event "Titled Tuesday Blitz March 07 Late 2023"]
[White "Carlsen, Magnus"]
[Black "Tatarinov, Dmitry"]
[WhiteFideId "1503014"]
[BlackFideId "24160067"]
[WhiteElo "2852"]
[BlackElo "2326"]
[Result "1-0"]
[Round "02"]
[TimeControl "180+2"]
[Date "2023.03.07"]
[WhiteClock "0:01:15"]
[BlackClock "0:00:52"]

1. d4 Nf6 2. Bf4 d6 3. Nc3 Nc6 4. Nf3 Bf5 5. d5 e5 6. dxc6 exf4 7. Nd4 Bc8 8. e3 fxe3 9. Qe2 Be7 10. cxb7 Bxb7 11. Qb5+ Qd7 12. Qxb7 exf2+ 13. Kxf2 O-O 14. Be2 Rab8 15. Qc6 Rxb2 16. Qxd7 Nxd7 17. Nd5 Bf6 18. Nxf6+ Nxf6 19. Rhb1 Rfb8 20. Rxb2 Rxb2 21. Bd3 c5 22. Nb3 c4 23. Bxc4 Rxc2+ 24. Be2 g6 25. h3 Kg7 26. Ke1 h5 27. Bf3 g5 28. Nd4 Rc5 29. Rd1 g4 30. hxg4 hxg4 31. Be2 Kg6 32. Nb3 Rd5 33. Rxd5 Nxd5 34. Bxg4 Kg5 35. Bf3 Nb4 36. a4 Kf4 37. Kd2 Ke5 38. Kc3 Na2+ 39. Kc4 f5 40. Na5 1-0


[Site "https://www.chess.com"]

[Event "Titled Tuesday Blitz March 07 Late 2023"]
[White "Rastbod, Ali"]
[Black "Nakamura, Hikaru"]
[WhiteFideId "12567477"]
[BlackFideId "2016192"]
[WhiteElo "2211"]
[BlackElo "2879"]
[Result "0-1"]
[Round "02"]
[TimeControl "180+2"]
[Date "2023.03.07"]
[WhiteClock "0:00:03"]
[BlackClock "0:01:15"]

1. c4 e5 2. Nc3 Nc6 3. Nf3 f5 4. d4 e4 5. Ng5 h6 6. Nh3 g5 7. Ng1 Bb4 8. Bd2 Nf6 9. a3 Bxc3 10. Bxc3 d5 11. e3 Be6 12. b3 Qe7 13. h4 O-O-O 14. hxg5 hxg5 15. Rxh8 Rxh8 16. Nh3 Rg8 17. Qd2 Nh5 18. Be2 g4 19. Nf4 Nxf4 20. exf4 g3 21. Qe3 Qh4 22. c5 Bd7 23. f3 Ne7 24. O-O-O Qh2 25. Qg1 Ng6 26. Bd2 Nh4 27. Kc2 exf3 28. Bxf3 Nxf3 29. gxf3 Qe2 30. Re1 Qxf3 31. Re3 Qg4 32. Be1 g2 33. Bd2 b6 34. b4 Kb7 35. Re5 Qf3 36. Re3 Qf1 37. Re1 Qc4+ 38. Kb2 Ba4 39. Bc3 Qb3+ 0-1


[Site "https://www.chess.com"]

[Event "Titled Tuesday Blitz March 07 Late 2023"]
[White "Martinez Ramirez, Lennis"]
[Black "Firouzja, Alireza"]
[WhiteFideId "3509079"]
[BlackFideId "12573981"]
[WhiteElo "2439"]
[BlackElo "2904"]
[Result "0-1"]
[Round "02"]
[TimeControl "180+2"]
[Date "2023.03.07"]
[WhiteClock "0:01:24"]
[BlackClock "0:02:50"]

1. c4 Nf6 2. g3 g6 3. Bg2 Bg7 4. Nc3 O-O 5. d4 d6 6. e4 c5 7. Nge2 Nc6 8. d5 Na5 9. b3 e6 10. Bg5 h6 11. Bd2 exd5 12. cxd5 a6 13. Qc1 Kh7 14. O-O b5 15. Rb1 Re8 16. f3 Bd7 17. Re1 b4 18. Nd1 Bb5 19. Ne3 Rc8 20. Nc4 Bxc4 21. bxc4 Nd7 22. Bf1 Ne5 23. Rb3 Nxb3 24. axb3 Nxf3+ 25. Kf2 Nxe1 26. Bxe1 Rxe4 27. Bg2 Qf6+ 28. Bf3 Rce8 0-1


[Site "https://www.chess.com"]

[Event "Titled Tuesday Blitz March 07 Late 2023"]
[White "Yu, Yangyi"]
[Black "Cuenca Jimenez, Jose Fernando"]
[WhiteFideId "8603820"]
[BlackFideId "2255570"]
[WhiteElo "2783"]
[BlackElo "2429"]
[Result "1-0"]
[Round "02"]
[TimeControl "180+2"]
[Date "2023.03.07"]
[WhiteClock "0:00:13"]
[BlackClock "0:00:02"]

1. Nf3 Nf6 2. g3 d5 3. Bg2 e6 4. O-O Be7 5. c4 O-O 6. b3 d4 7. e3 c5 8. Ne5 Bd6 9. exd4 cxd4 10. f4 Qc7 11. Ba3 Rd8 12. Bxd6 Rxd6 13. d3 Nc6 14. Nd2 Rd8 15. Ndf3 Bd7 16. Qd2 Be8 17. b4 Nxe5 18. Nxe5 Nd7 19. Nf3 Nf6 20. Ne5 Nd7 21. Qe2 a5 22. b5 Nc5 23. Rab1 f6 24. b6 Qe7 25. Ng4 Rd6 26. Nf2 Ra6 27. Qd2 Rdxb6 28. Rxb6 Rxb6 29. Qxa5 Ra6 30. Qd2 Bc6 31. Rb1 Bxg2 32. Kxg2 Qd7 33. Rb5 Qc6+ 34. Kg1 b6 35. Qe2 Ra3 36. Qb2 Ra6 37. Qxd4 Rxa2 38. Ne4 Nxe4 39. dxe4 Ra6 40. f5 exf5 41. exf5 h6 42. Rd5 Ra2 43. Qg4 Qc7 44. Qe4 Kh7 45. Qe8 Qa7 46. Qg6+ Kg8 47. Rd8# 1-0


[Site "https://www.chess.com"]

[Event "Titled Tuesday Blitz March 07 Late 2023"]
[White "Bujisho, Benjamin"]
[Black "Vachier-Lagrave, Maxime"]
[WhiteFideId "608610"]
[BlackFideId "623539"]
[WhiteElo "2371"]
[BlackElo "2740"]
[Result "0-1"]
[Round "02"]
[TimeControl "180+2"]
[Date "2023.03.07"]
[WhiteClock "0:00:05"]
[BlackClock "0:00:09"]

1. d4 Nf6 2. Nf3 g6 3. Bf4 Bg7 4. e3 O-O 5. Nbd2 b6 6. h3 Bb7 7. Be2 c5 8. c3 d6 9. O-O Nbd7 10. Bh2 Qc7 11. a4 Ne4 12. Nxe4 Bxe4 13. Qb3 Nf6 14. Rfd1 Rab8 15. Bg3 Qb7 16. Bh4 h6 17. Bxf6 Bxf6 18. Ne1 Bd5 19. Qc2 Be6 20. Bg4 Bxg4 21. hxg4 Kg7 22. Qe2 Rh8 23. Qf3 Qd7 24. e4 cxd4 25. cxd4 h5 26. e5 Bg5 27. gxh5 Rxh5 28. g3 Rbh8 29. Qg2 dxe5 30. dxe5 Qg4 31. Rd3 e6 32. Nf3 Qe4 33. Rad1 Be7 34. Re3 Qxa4 35. Rde1 Bc5 36. Re4 Qc2 37. Rh4 Rxh4 38. Nxh4 Qxb2 39. Qf3 Be7 40. Ng2 Qd4 41. Rd1 Qxe5 42. Ne3 Bc5 43. Ng4 Qf5 44. Qc3+ e5 45. Nxe5 Qxf2# 0-1


[Site "https://www.chess.com"]

[Event "Titled Tuesday Blitz March 07 Late 2023"]
[White "Duda, Jan-Krzysztof"]
[Black "Skvortsov, Andrei"]
[WhiteFideId "1170546"]
[BlackFideId "24108600"]
[WhiteElo "2790"]
[BlackElo "2259"]
[Result "1-0"]
[Round "02"]
[TimeControl "180+2"]
[Date "2023.03.07"]
[WhiteClock "0:01:00"]
[BlackClock "0:00:14"]

1. e4 e5 2. Nf3 Nf6 3. Nc3 Nc6 4. Bb5 Bd6 5. d3 a6 6. Bxc6 dxc6 7. h3 Qe7 8. Ne2 c5 9. Ng3 b5 10. a4 c6 11. O-O h6 12. Nh4 g6 13. Be3 Be6 14. Qd2 Nd7 15. Nf3 g5 16. Nh2 Nf6 17. f3 Qb7 18. Ng4 Ng8 19. Nh5 O-O-O 20. axb5 axb5 21. Qf2 f5 22. exf5 Bxf5 23. Bxc5 Bb8 24. Rfe1 Rd5 25. Ba7 Bc7 26. Ne3 Bg6 27. Nxd5 cxd5 28. Ng3 Nf6 29. Bc5 Bb8 30. Ra5 Re8 31. Rea1 Nd7 32. Ra6 Rg8 33. Bd6 h5 34. Bxb8 Nxb8 35. Qc5+ 1-0


[Site "https://www.chess.com"]

[Event "Titled Tuesday Blitz March 07 Late 2023"]
[White "Shapiro, David"]
[Black "Andreikin, Dmitry"]
[WhiteFideId "24133523"]
[BlackFideId "4158814"]
[WhiteElo "2300"]
[BlackElo "2736"]
[Result "1/2-1/2"]
[Round "02"]
[TimeControl "180+2"]
[Date "2023.03.07"]
[WhiteClock "0:00:06"]
[BlackClock "0:00:04"]

1. d4 d5 2. c4 c6 3. cxd5 cxd5 4. Bf4 Nc6 5. e3 Nf6 6. Nc3 Ne4 7. Bd3 Nxc3 8. bxc3 e6 9. Nf3 Bd6 10. Bg3 h6 11. O-O O-O 12. c4 dxc4 13. Bxc4 Bxg3 14. hxg3 b6 15. Qe2 Bb7 16. Ba6 Qc8 17. Bxb7 Qxb7 18. Rfc1 Rfc8 19. Rc3 Nb4 20. Rac1 Rxc3 21. Rxc3 Rc8 22. Qb2 Nd5 23. Rxc8+ Qxc8 24. Ne5 h5 25. Kh2 g6 26. a4 Qe8 27. Qc2 Nf6 28. Qc7 Ng4+ 29. Nxg4 hxg4 30. Qxa7 Qd8 31. Qb7 Kg7 32. Qe4 Qe8 33. Qe5+ Kg8 34. Qb5 Qd8 35. Qc6 Kg7 36. f3 gxf3 37. gxf3 Qg5 38. f4 Qh5+ 39. Kg2 Qe2+ 40. Kh3 Qf1+ 41. Kh2 Qe2+ 42. Kh3 Qxe3 43. Qxb6 Qe4 44. Kh2 Qe2+ 45. Kh3 Qe4 46. Kh2 Qc2+ 47. Kh3 Qxa4 48. Qc5 Qd1 49. Qe5+ Kg8 50. Kg2 Qd2+ 51. Kf3 Qd3+ 52. Qe3 Qf1+ 53. Qf2 Qh1+ 54. Ke3 Kg7 55. Qf3 Qe1+ 56. Kd3 Kf6 57. Qe3 Qd1+ 58. Kc3 Kf5 59. Qe5+ Kg4 60. Qf6 Qf3+ 61. Kc4 Qd5+ 62. Kc3 Qa5+ 63. Kc4 Qf5 64. Qh4+ Kf3 65. Kc3 Kg2 66. Kc4 Qc2+ 67. Kb5 Qd3+ 68. Kc5 Qxg3 69. Qf6 Qc3+ 70. Kd6 Qb4+ 71. Kd7 Qb5+ 72. Ke7 Qd5 73. Kxf7 e5+ 74. Kxg6 exd4 75. f5 d3 76. Qg5+ Kf3 77. f6 Qg8+ 78. Kh6 Qh8+ 79. Kg6 Qg8+ 80. Kh6 Qh8+ 81. Kg6 Ke2 82. Qe5+ Kd1 83. Qa1+ Ke2 84. Qe5+ Kf2 85. Qf4+ Ke2 86. Qe5+ 1/2-1/2


[Site "https://www.chess.com"]

[Event "Titled Tuesday Blitz March 07 Late 2023"]
[White "Ashraf, Artin"]
[Black "Fedoseev, Vladimir"]
[WhiteFideId "22514805"]
[BlackFideId "24130737"]
[WhiteElo "2188"]
[BlackElo "2752"]
[Result "0-1"]
[Round "02"]
[TimeControl "180+2"]
[Date "2023.03.07"]
[WhiteClock "0:00:20"]
[BlackClock "0:00:28"]

1. c4 e5 2. Nc3 Nc6 3. g3 g6 4. Bg2 Bg7 5. d3 d6 6. Rb1 a5 7. h4 Nf6 8. Bg5 h6 9. Bxf6 Bxf6 10. h5 g5 11. e4 g4 12. Nge2 Bg5 13. d4 exd4 14. Nxd4 Ne5 15. Qe2 c6 16. O-O O-O 17. Rbd1 Qf6 18. Nf5 Rd8 19. Nd4 a4 20. f4 gxf3 21. Nxf3 Be6 22. Nd4 Bxc4 23. Qc2 Be3+ 24. Kh1 Qg5 25. Nf5 Qxh5+ 26. Nh4 Bxf1 27. Rxf1 Bg5 28. Qf2 Rf8 29. Ne2 Bxh4 30. gxh4 Ng6 31. Bh3 Qxh4 32. Qg2 Rae8 33. Ng3 Re5 34. Nf5 Qxe4 35. Nxh6+ Kh7 36. Qxe4 Rxe4 37. Nxf7 Kg7 38. Nxd6 Rxf1+ 39. Bxf1 Re1 40. Kg1 b5 41. Nf5+ Kf6 42. Nd4 Ne5 43. b3 Rd1 44. Nc2 Rd2 45. Nb4 Nf3+ 0-1


[Site "https://www.chess.com"]

[Event "Titled Tuesday Blitz March 07 Late 2023"]
[White "Matlakov, Maxim"]
[Black "Haydon, David L"]
[WhiteFideId "4168003"]
[BlackFideId "415405"]
[WhiteElo "2666"]
[BlackElo "2326"]
[Result "1-0"]
[Round "02"]
[TimeControl "180+2"]
[Date "2023.03.07"]
[WhiteClock "0:01:22"]
[BlackClock "0:00:51"]

1. e4 c6 2. d4 d5 3. e5 Bf5 4. h4 h6 5. c4 e6 6. Nc3 Ne7 7. Nge2 dxc4 8. Ng3 b5 9. a4 Qb6 10. Be3 Nd5 11. Nxf5 exf5 12. axb5 Nxe3 13. fxe3 cxb5 14. g4 Nc6 15. gxf5 Bb4 16. Qg4 Ne7 17. Bg2 Rd8 18. O-O h5 19. Qg3 Bxc3 20. bxc3 g6 21. fxg6 Qxg6 22. Qxg6 Nxg6 23. Bc6+ Kf8 24. Rxa7 Rh7 25. Bxb5 Nxh4 26. Bxc4 Rg7+ 27. Kh1 Rc8 28. Bxf7 Rxc3 29. Bd5+ Ke8 30. Rxg7 1-0


[Site "https://www.chess.com"]

[Event "Titled Tuesday Blitz March 07 Late 2023"]
[White "Lewicki, Miroslaw"]
[Black "Bortnyk, Olexandr"]
[WhiteFideId "1113380"]
[BlackFideId "14120828"]
[WhiteElo "2212"]
[BlackElo "2734"]
[Result "0-1"]
[Round "02"]
[TimeControl "180+2"]
[Date "2023.03.07"]
[WhiteClock "0:00:04"]
[BlackClock "0:00:44"]

1. e4 Nf6 2. e5 Nd5 3. d4 d6 4. exd6 exd6 5. Nf3 Be7 6. Be2 O-O 7. O-O Nc6 8. b3 Bg4 9. c4 Nb6 10. Bb2 Bf6 11. Nbd2 Re8 12. h3 Bh5 13. Re1 d5 14. c5 Nd7 15. Rc1 Nf8 16. Nf1 Bxf3 17. Bxf3 Rxe1 18. Qxe1 Bxd4 19. Qd2 Ne6 20. Bg4 Bxb2 21. Qxb2 Qg5 22. b4 Ne5 23. Rd1 Nxg4 24. hxg4 d4 25. Qe2 Rd8 26. Ng3 Qd5 27. Nf5 Kf8 28. Qd2 d3 29. a3 a5 30. bxa5 Qxc5 31. Rb1 Qc2 32. Qb4+ c5 33. Qxb7 d2 34. Ne3 d1=Q+ 35. Rxd1 Rxd1+ 36. Nxd1 Qxd1+ 37. Kh2 Qd6+ 38. g3 Nc7 39. Qb6 Qxb6 40. axb6 Na6 0-1


[Site "https://www.chess.com"]

[Event "Titled Tuesday Blitz March 07 Late 2023"]
[White "Hakobyan, Aram"]
[Black "Di Berardino, Diego Rafael"]
[WhiteFideId "13306677"]
[BlackFideId "2105446"]
[WhiteElo "2563"]
[BlackElo "2432"]
[Result "1-0"]
[Round "02"]
[TimeControl "180+2"]
[Date "2023.03.07"]
[WhiteClock "0:01:36"]
[BlackClock "0:00:22"]

1. e4 c5 2. Nf3 e6 3. g3 Nc6 4. Bg2 Nf6 5. d3 d6 6. O-O Be7 7. Re1 e5 8. c3 O-O 9. Nbd2 Rb8 10. a4 a6 11. Nc4 b5 12. axb5 axb5 13. Ne3 h6 14. Nh4 g6 15. Nd5 Kg7 16. Nxe7 Qxe7 17. f4 b4 18. f5 g5 19. Nf3 bxc3 20. bxc3 Ne8 21. h4 f6 22. Nd2 Nc7 23. Nc4 Rd8 24. Ne3 Qf7 25. Qf3 Rb3 26. Bd2 Bd7 27. Ng4 Rb2 28. Re2 Rdb8 29. Rf1 Rb1 30. Be3 Rxf1+ 31. Bxf1 Rb1 32. hxg5 hxg5 33. Rh2 Ne7 34. Qh1 Kf8 35. Rh8+ Ng8 36. Nh6 1-0


[Site "https://www.chess.com"]

[Event "Titled Tuesday Blitz March 07 Late 2023"]
[White "Saveliev, Alexei"]
[Black "Mamedyarov, Shakhriyar"]
[WhiteFideId "24128546"]
[BlackFideId "13401319"]
[WhiteElo "2271"]
[BlackElo "2704"]
[Result "1-0"]
[Round "02"]
[TimeControl "180+2"]
[Date "2023.03.07"]
[WhiteClock "0:02:19"]
[BlackClock "0:01:30"]

1. c4 e5 2. Nc3 Nf6 3. Nf3 Nc6 4. e3 Bb4 5. Qc2 O-O 6. Nd5 d6 7. a3 Bc5 8. b4 Bb6 9. Bd3 g6 10. Nxf6+ Qxf6 11. Bb2 Qe7 12. h4 Bg4 13. h5 Bxh5 14. Rxh5 gxh5 15. Bxh7+ Kg7 16. O-O-O a5 17. b5 Nd8 18. Rh1 Ne6 19. Rxh5 Rh8 20. Nxe5 dxe5 21. Bxe5+ f6 22. Qg6+ Kf8 23. Bxf6 Qxa3+ 24. Bb2 1-0


[Site "https://www.chess.com"]

[Event "Titled Tuesday Blitz March 07 Late 2023"]
[White "Bortnyk, Mykola"]
[Black "Guzman, Christopher"]
[WhiteFideId "14120836"]
[BlackFideId "6405096"]
[WhiteElo "2582"]
[BlackElo "2281"]
[Result "1-0"]
[Round "02"]
[TimeControl "180+2"]
[Date "2023.03.07"]
[WhiteClock "0:00:17"]
[BlackClock "0:00:20"]

1. e4 c6 2. d4 d5 3. Nc3 dxe4 4. Nxe4 Nf6 5. Nxf6+ exf6 6. Bc4 Bd6 7. Qe2+ Be7 8. Nf3 O-O 9. O-O Bd6 10. Re1 Bg4 11. Qe4 Bh5 12. Nh4 Nd7 13. g4 Nb6 14. Bb3 Qd7 15. Be6 Qxe6 16. Qxe6 fxe6 17. gxh5 Rfe8 18. Nf3 Kf7 19. b3 Bb4 20. Bd2 Bxd2 21. Nxd2 Rad8 22. c3 Nd5 23. Ne4 h6 24. Rad1 Nf4 25. Ng3 b6 26. Re4 Nd5 27. Rd3 c5 28. dxc5 bxc5 29. Ra4 Ra8 30. Ne4 Ke7 31. Nxc5 Rec8 32. b4 Rc6 33. c4 Nb6 34. Ra6 Rc7 35. f4 Kf7 36. Rg3 Re8 37. Rc3 Rd8 38. a4 Rd4 39. Nxe6 Rdxc4 40. Rxc4 Rxc4 41. f5 Nc8 42. b5 Ke7 43. Kg2 Kd7 44. Kg3 Rc3+ 45. Kf4 Rh3 46. Nxg7 Rxh2 47. Rxf6 Rh4+ 48. Ke5 Rxa4 49. Rf7+ Kd8 50. Ne6+ Ke8 51. Rh7 Nb6 52. f6 Nd7+ 53. Kf5 1-0


[Site "https://www.chess.com"]

[Event "Titled Tuesday Blitz March 07 Late 2023"]
[White "Fishbein, Alexander"]
[Black "Deac, Bogdan-Daniel"]
[WhiteFideId "2000377"]
[BlackFideId "1226380"]
[WhiteElo "2415"]
[BlackElo "2649"]
[Result "0-1"]
[Round "02"]
[TimeControl "180+2"]
[Date "2023.03.07"]
[WhiteClock "0:00:04"]
[BlackClock "0:00:06"]

1. c4 Nf6 2. Nf3 e6 3. g3 d5 4. Bg2 dxc4 5. Qa4+ Bd7 6. Qxc4 c5 7. Ne5 Qc8 8. Qd3 Bc6 9. Nxc6 Nxc6 10. Qb5 h5 11. h4 Be7 12. d3 Nd5 13. Nc3 Qd7 14. Bd2 O-O 15. O-O a6 16. Qb3 Nd4 17. Qd1 g6 18. e3 Nc6 19. Nxd5 exd5 20. Bc3 b5 21. b3 Rad8 22. Rc1 Qf5 23. d4 cxd4 24. Bxd4 Qe6 25. Bc5 Rfe8 26. Bxe7 Rxe7 27. Rc5 Red7 28. Qd2 Ne7 29. Re1 Qf6 30. Qd4 Qxd4 31. exd4 Kf8 32. Re5 Rd6 33. Rc7 Nf5 34. Rc5 Ne7 35. Kf1 f6 36. Re2 Nf5 37. Rd2 Ng7 38. Bh3 f5 39. Rc7 Ne6 40. Ra7 R8d7 41. Rxd7 Rxd7 42. Bg2 Ke7 43. Ke2 Kd6 44. Kd3 Rc7 45. Re2 b4 46. Re5 Rc3+ 47. Kd2 Nc7 48. Re3 Rc6 49. Re5 a5 50. Re3 Ne6 51. Re5 Nc7 52. Re3 Ra6 53. Bf1 Ra8 54. Re1 Ne6 55. Kd3 a4 56. bxa4 Rxa4 57. Rb1 Ra3+ 58. Rb3 Rxa2 59. Rxb4 Rxf2 60. Rb6+ Ke7 61. Bh3 Rf3+ 62. Ke2 Rxg3 63. Bf1 Nxd4+ 64. Kf2 Rg4 65. Bd3 Kf7 66. Rb7+ Kf6 67. Rb6+ Ke5 68. Ke3 Rg3+ 69. Kd2 Rg4 70. Ke3 Ne6 71. Rb8 Rxh4 72. Be2 Re4+ 73. Kd2 Rd4+ 74. Ke3 h4 75. Kf2 Rf4+ 76. Bf3 g5 77. Kg2 g4 78. Be2 h3+ 79. Kg1 h2+ 0-1


[Site "https://www.chess.com"]

[Event "Titled Tuesday Blitz March 07 Late 2023"]
[White "Lenderman, Aleksandr"]
[Black "Prem, Pranav"]
[WhiteFideId "2021285"]
[BlackFideId "30901057"]
[WhiteElo "2607"]
[BlackElo "1970"]
[Result "1-0"]
[Round "02"]
[TimeControl "180+2"]
[Date "2023.03.07"]
[WhiteClock "0:00:43"]
[BlackClock "0:00:07"]

1. Nf3 d5 2. e3 Nf6 3. c4 e6 4. Nc3 Be7 5. b3 O-O 6. Bb2 c5 7. cxd5 exd5 8. d4 Nc6 9. Be2 Bf5 10. O-O Re8 11. Rc1 cxd4 12. Nxd4 Bg6 13. Nxc6 bxc6 14. Na4 Qd7 15. Nc5 Qd6 16. Bd4 Ne4 17. Nd3 Rac8 18. f3 Nf6 19. Bc5 Qb8 20. Qd2 Nd7 21. Bxe7 Rxe7 22. Nf4 Qb6 23. Nxd5 cxd5 24. Rxc8+ Nf8 25. Kf2 Qe6 26. Rfc1 f6 27. Rd8 Re8 28. Rxe8 Bxe8 29. Rc5 Bf7 30. Qd4 g6 31. Rc7 a6 32. Qc5 Nd7 33. Qa7 Ne5 34. f4 Qf5 35. Qc5 h5 36. Rc8+ Kh7 37. Qf8 1-0


[Site "https://www.chess.com"]

[Event "Titled Tuesday Blitz March 07 Late 2023"]
[White "Czopor, Maciej"]
[Black "Yoo, Christopher Woojin"]
[WhiteFideId "21805431"]
[BlackFideId "30909694"]
[WhiteElo "2324"]
[BlackElo "2519"]
[Result "0-1"]
[Round "02"]
[TimeControl "180+2"]
[Date "2023.03.07"]
[WhiteClock "0:00:01"]
[BlackClock "0:00:10"]

1. c4 e5 2. Nc3 Bb4 3. Nd5 a5 4. e3 Nf6 5. a3 Be7 6. g3 Nxd5 7. cxd5 d6 8. Bg2 O-O 9. Ne2 f5 10. O-O Nd7 11. d4 Nf6 12. dxe5 dxe5 13. Nc3 e4 14. Qb3 Kh8 15. Rd1 Bd6 16. Bd2 Be5 17. Rac1 Ra6 18. Be1 Rb6 19. Qc2 Bd7 20. Na4 Bxa4 21. Qxa4 Rxb2 22. Qxa5 b6 23. Qa4 Ng4 24. h3 Nxf2 25. Bxf2 Rxf2 26. Kxf2 Qg5 27. Ke2 Qxg3 28. Rg1 Qh2 29. Rcf1 g6 30. Qd7 Bg7 31. Qe7 Ra8 32. Rc1 Be5 33. Qg5 Bd6 34. Rh1 Qe5 35. Rc2 Rxa3 36. Qd8+ Kg7 37. Rd1 Qg3 38. Kf1 Rxe3 0-1


[Site "https://www.chess.com"]

[Event "Titled Tuesday Blitz March 07 Late 2023"]
[White "Vlassov, Nikolai"]
[Black "Durarbayli, Vasif"]
[WhiteFideId "4103360"]
[BlackFideId "13402935"]
[WhiteElo "2324"]
[BlackElo "2543"]
[Result "0-1"]
[Round "02"]
[TimeControl "180+2"]
[Date "2023.03.07"]
[WhiteClock "0:00:04"]
[BlackClock "0:00:06"]

1. e4 c5 2. c3 d5 3. exd5 Qxd5 4. d4 Nf6 5. Nf3 e6 6. a3 Be7 7. Be3 cxd4 8. cxd4 O-O 9. Nc3 Qd6 10. Qc2 Nc6 11. Bd3 Rd8 12. O-O Bd7 13. Qd2 Be8 14. Rad1 Nd5 15. Bb1 Rac8 16. Qd3 g6 17. Ne4 Qb8 18. Bh6 b5 19. Rfe1 b4 20. Ba2 Na5 21. Ne5 b3 22. Bb1 f6 23. Qd2 Qb6 24. Nf3 Nc4 25. Qe2 Bf7 26. Bd3 Nd6 27. Nc5 Nf5 28. Bxf5 exf5 29. h4 Re8 30. Qd3 Rcd8 31. Nxb3 Rb8 32. Nfd2 f4 33. Nc5 Qxb2 34. Rb1 Qa2 35. Rxb8 Rxb8 36. Nc4 Rd8 37. Re2 Qa1+ 38. Kh2 Bf8 39. Bxf8 Kxf8 40. h5 Qc3 41. Nd2 Qxd3 42. Nxd3 Nc3 43. Re1 Rxd4 44. Nxf4 Rxf4 45. Nf3 Ra4 46. hxg6 hxg6 47. Re3 Nd5 48. Rd3 g5 49. g3 Nb6 50. Rd6 Ke7 51. Rc6 Bd5 52. Rc7+ Kd6 53. Rc3 Bxf3 54. Rxf3 Nd5 55. Rd3 Ke5 56. Kh3 f5 57. Rb3 a6 58. Rd3 Ke4 59. Rb3 Kd4 60. f3 Kc4 61. Rb8 Rxa3 62. Rg8 Rxf3 63. Rxg5 f4 64. Rf5 Rxg3+ 65. Kh4 Re3 0-1


[Site "https://www.chess.com"]

[Event "Titled Tuesday Blitz March 07 Late 2023"]
[White "Paravyan, David"]
[Black "Melikyan, Gnel"]
[WhiteFideId "4194985"]
[BlackFideId "54109990"]
[WhiteElo "2577"]
[BlackElo "2138"]
[Result "1-0"]
[Round "02"]
[TimeControl "180+2"]
[Date "2023.03.07"]
[WhiteClock "0:00:22"]
[BlackClock "0:00:06"]

1. e4 e5 2. Nf3 Nf6 3. d4 exd4 4. e5 Ne4 5. Qxd4 d5 6. exd6 Nxd6 7. Nc3 Nc6 8. Qf4 Be7 9. Be3 Be6 10. O-O-O Qd7 11. Bb5 O-O 12. Rhe1 Qe8 13. Nd4 Nxb5 14. Ndxb5 Bd8 15. Bc5 Ne7 16. Nxc7 Qc6 17. Nxe6 fxe6 18. Qd6 Qxd6 19. Rxd6 Bb6 20. Bxb6 Nc8 21. Rdxe6 Nxb6 22. f3 Rac8 23. Re7 Rf7 24. Re8+ Rf8 25. Rxc8 Nxc8 26. Nd5 Kf7 27. b3 Rd8 28. Nf4 Ne7 29. Nd3 Nf5 30. Kd2 Nd4 31. Re4 Kf6 32. c3 Ne6 33. Ke3 Nc7 34. Rf4+ Ke7 35. Rd4 Rc8 36. Kd2 Ne6 37. Ra4 a6 38. Rb4 b5 39. a4 Rd8 40. Ke3 Nc7 41. Re4+ Kf6 42. axb5 axb5 43. Rd4 Re8+ 44. Kd2 Ra8 45. Nb4 Ra1 46. Nd5+ Nxd5 47. Rxd5 Ra2+ 48. Ke3 b4 49. cxb4 Rb2 50. Rd3 Ke5 51. f4+ Ke6 52. Kf3 1-0


[Site "https://www.chess.com"]

[Event "Titled Tuesday Blitz March 07 Late 2023"]
[White "Flores Quillas, Diego Saul Rodri"]
[Black "Bluebaum, Matthias"]
[WhiteFideId "3822508"]
[BlackFideId "24651516"]
[WhiteElo "2326"]
[BlackElo "2638"]
[Result "0-1"]
[Round "02"]
[TimeControl "180+2"]
[Date "2023.03.07"]
[WhiteClock "0:00:16"]
[BlackClock "0:00:08"]

1. e4 e6 2. d4 d5 3. Nc3 Nf6 4. Bg5 dxe4 5. Nxe4 Be7 6. Bxf6 gxf6 7. Nf3 f5 8. Nc3 a6 9. g3 b5 10. Bg2 Bb7 11. Qe2 c5 12. O-O-O b4 13. Na4 Qa5 14. b3 cxd4 15. Rxd4 Nc6 16. Rd2 O-O 17. Rhd1 Rad8 18. Ne1 Rxd2 19. Rxd2 Rd8 20. Rxd8+ Qxd8 21. Qd2 Qc7 22. f4 Bf6 23. Nd3 Nd4 24. Nac5 Bxg2 25. Qxg2 Qa5 26. Qa8+ Kg7 27. Qxa6 Qd8 28. Qb7 h5 29. Kb1 Kg6 30. Qxb4 Ne2 31. Qe1 Nc3+ 32. Ka1 Ne4+ 33. Kb1 Nxc5 34. Ne5+ Kg7 35. Qe2 Ne4 36. Qd3 Qc7 37. c4 Bxe5 38. fxe5 Qxe5 39. b4 f4 40. gxf4 Qxf4 41. Kc2 Qf2+ 42. Kb3 f5 43. c5 Qxc5 44. bxc5 Nxc5+ 45. Kc4 Nxd3 46. Kxd3 Kf6 47. Kd4 Ke7 48. Ke5 Kd7 49. Kf4 Kc6 50. Kg5 e5 51. Kxf5 Kd5 52. a4 e4 53. a5 e3 54. a6 Kc6 55. a7 Kb7 56. Kg5 e2 57. Kxh5 e1=Q 0-1


[Site "https://www.chess.com"]

[Event "Titled Tuesday Blitz March 07 Late 2023"]
[White "Sjugirov, Sanan"]
[Black "Mustafayev, Farid"]
[WhiteFideId "4189302"]
[BlackFideId "13408771"]
[WhiteElo "2569"]
[BlackElo "2269"]
[Result "1-0"]
[Round "02"]
[TimeControl "180+2"]
[Date "2023.03.07"]
[WhiteClock "0:00:59"]
[BlackClock "0:00:51"]

1. e4 c5 2. Nf3 a6 3. c3 d6 4. d4 Nd7 5. Bd3 g6 6. O-O Bg7 7. Re1 e5 8. dxe5 dxe5 9. a4 Ngf6 10. Na3 O-O 11. Nc4 Qc7 12. a5 h6 13. Qb3 Rd8 14. Bf1 Rb8 15. h3 b5 16. axb6 Nxb6 17. Ncxe5 Be6 18. Qc2 a5 19. Rxa5 Nc8 20. Ra1 Bb3 21. Qb1 Nd6 22. Bf4 Nh5 23. Bh2 Qb6 24. Ra6 Qb7 25. Nc6 1-0


[Site "https://www.chess.com"]